 Dungeon Crawl Stone Soup version 0.16-a0-249-g5922f4d (webtiles) character file.

226 MRaven the Shooter (level 5, -1/40 HPs)
             Began as a Centaur Arcane Marksman on Aug 22, 2014.
             Killed from afar by inmateoo's ghost (22 damage)
             ... with a blast of negative energy
             ... on Level 4 of the Dungeon.
             The game lasted 00:21:11 (2932 turns).

MRaven the Shooter (Centaur Arcane Marksman)        Turns: 2932, Time: 00:21:12

HP  -1/40        AC  5     Str 14      XL: 5   Next: 69%
MP  16/16        EV  9     Int 12      God:
Gold 159         SH  0     Dex  9      Spells:  1 memorised,  6 levels left

rFire  . . .     SeeInvis .     n - +0 dagger (drain)
rCold  . . .     Clarity  .     a - +0 robe
rNeg   . . .     rCorr    .     (no shield)
rPois  .         rRot     .     (no helmet)
rElec  .         Spirit   .     (no cloak)
SustAb .         Warding  .     m - +0 pair of gloves
rMut   .         Stasis   .     (no barding)
Gourm  .                        (no amulet)
MR     .....                    (no ring)
                                e - ring of magical power

@: drained, very quick, not resistant to hostile enchantments, very unstealthy
A: hooves 3, deformed body, speed 2, tough skin 3
a: no special abilities


You were on level 4 of the Dungeon.
You were not hungry.

You visited 1 branch of the dungeon, and saw 4 of its levels.

You collected 159 gold pieces.

Inventory:

Hand weapons
 b - a +1 shortbow
 n - a +0 dagger of draining (weapon)
Missiles
 c - 66 arrows
Armour
 a - a +0 robe (worn)
 m - a +0 pair of gloves (worn)
Comestibles
 f - 3 bread rations
 h - a rotting chunk of orc flesh
 o - 2 meat rations
Jewellery
 e - a ring of magical power (left hand)
Potions
 j - 2 potions of haste {unknown}
 k - 3 potions of brilliance {unknown}
 l - a potion of heal wounds {unknown}
Books
 d - a book of Debilitation

   Spells                             Type                      Level
   *Corona                            Hexes                        1
   Slow                               Hexes                        2
   Inner Flame                        Hexes/Fire                   3
   Enslavement                        Hexes                        4
   Cause Fear                         Hexes                        4
   Leda's Liquefaction                Hexes/Earth                  4


   Skills:
 - Level 1.0(0.5) Fighting
 * Level 5.6(5.0) Bows
 - Level 1.3(0.8) Dodging
 + Level 1.9(1.4) Spellcasting
 * Level 4.2(3.6) Hexes


You had 6 spell levels left.
You knew the following spells:

 Your Spells              Type           Power        Failure   Level  Hunger
a - Corona                Hex            #......      8%          1    ##.....


Dungeon Overview and Level Annotations

Branches:
Dungeon (4/15)
 Temple: D:4-7

Altars:
Fedhas
Nemelex Xobeh

Annotations:
D:4 inmateoo's ghost, experienced DrFi


Innate Abilities, Weirdness & Mutations

You have hooves in place of feet.
Armour fits poorly on your strangely shaped body.
You cover ground very quickly.
You have extremely tough skin (AC +3).


Message History

You drain the giant cockroach!
You kill the giant cockroach!
The orc hits you.
There is a stone staircase leading down here.
You climb downwards.
A giant gecko, a bat, 2 jackals, a worker ant, a hobgoblin and a player ghost come into view.
The jackal barks! x2
The worker ant twitches its antennae in your direction.
The hobgoblin shouts!
Inmateoo's ghost turns its malevolent gaze towards you.
Found 10 gold pieces and a meat ration.
There is a stone staircase leading up here.
The bat hits you but does no damage.
Inmateoo's ghost breathes negative energy at you.
The blast of negative energy hits the bat.
The bat is drained!
The bat dies!
The blast of negative energy hits you!
You feel drained.
Ouch! That really hurt!
You die...

#### ##..##
##....##
#......#
#...h.h#
#..a..W######
#...@...$%...
#.....g######
#......#
##....##
##...# ###.#
l# .# .


You could see a worker ant, inmateoo's ghost, a giant gecko, 2 jackals and a
hobgoblin.

Vanquished Creatures
  A crimson imp (D:2)
  A hound (D:3)
  3 gnolls (D:2)
  5 adders
  A giant mite (D:2)
  3 worms (D:2)
  5 giant geckos
  4 orcs (D:3)
  A ball python (D:1)
  6 bats
  5 giant cockroaches
  5 goblins
  7 hobgoblins
  8 kobolds
  4 giant newts (D:1)
  7 rats
66 creatures vanquished.

Vanquished Creatures (others)
  A bat (D:4)
1 creature vanquished.

Grand Total: 67 creatures vanquished

Notes
Turn   | Place    | Note
--------------------------------------------------------------
     0 | D:1      | MRaven, the Centaur Arcane Marksman, began the quest for the Orb.
     0 | D:1      | Reached XP level 1. HP: 16/16 MP: 2/2
    59 | D:1      | Reached skill level 3 in Bows
   249 | D:1      | Reached XP level 2. HP: 23/23 MP: 3/3
   891 | D:1      | Reached XP level 3. HP: 28/28 MP: 4/4
  1116 | D:2      | Found a sparkling altar of Nemelex Xobeh.
  1267 | D:2      | Reached skill level 4 in Bows
  1463 | D:2      | Reached XP level 4. HP: 26/35 MP: 5/5
  2085 | D:2      | Reached XP level 5. HP: 37/40 MP: 6/6
  2183 | D:2      | Reached skill level 5 in Bows
  2755 | D:3      | Found a blossoming altar of Fedhas.
  2757 | D:3      | Noticed a centaur
  2931 | D:4      | Noticed inmateoo's ghost (experienced DrFi)
  2932 | D:4      | Killed from afar by inmateoo's ghost

Action                   |  1- 3 |  4- 6 || total
-------------------------+-------+-------++-------
Melee: Short sword       |    15 |       ||    15
       Dagger            |    40 |    21 ||    61
 Fire: Shortbow          |    63 |   122 ||   185
 Cast: Corona            |       |     9 ||     9
  Use: Scroll            |     4 |     2 ||     6
  Eat: Chunk             |     1 |     2 ||     3
       Fruit             |       |     2 ||     2
